 Dungeon Crawl Stone Soup version 0.27.0-66-gdc8fb28755 (webtiles) character file.

Game seed: 16140243338482394247

4118 robertstho the Thaumaturge (level 10, -3/70 HPs)
             Began as a Djinni Fire Elementalist on Aug 19, 2021.
             Was an Initiate of Makhleb.
             Engulfed by an efreet's flame (9 damage)
             ... on level 8 of the Dungeon.
             The game lasted 00:12:15 (10140 turns).

robertstho the Thaumaturge (DjFE)                  Turns: 10140, Time: 00:12:16

Health: -3/70      AC:  2    Str:  7    XL:     10   Next: 51%
Gold:   253        EV: 13    Int: 33    God:    Makhleb [......] SH:  0 Dex: 13

rFire    + + .     SeeInvis .   g - +2 dagger (drain)
rCold    x . .     Faith    .   (no shield)
rNeg     . . .     Spirit   .   a - +0 robe
rPois    ∞         Reflect  .   (no helmet)
rElec    .         Harm     .   i - scarf {repulsion}
rCorr    .         Rampage  .   (no gloves)
Will     +....                  (boots unavailable)
Stlth    ++........             (no amulet)
HPRegen  0.21/turn              k - +6 ring of intelligence
MPRegen  0.00/turn              x - +6 ring of intelligence

@: about to teleport, flying, repel missiles
A: sickness immunity, fire resistance 2, cold vulnerability 1, float, innate
caster, hp casting, extra vitality 1
a: Renounce Religion


You were on level 8 of the Dungeon.
You worshipped Makhleb.
Makhleb was noncommittal.
You visited 2 branches of the dungeon, and saw 9 of its levels.

You collected 374 gold pieces.
You spent 121 gold pieces at shops.

Inventory:

Hand Weapons
 d - a +0 short sword
 g - a +2 dagger of draining (weapon)
 t - a +0 short sword of holy wrath
Armour
 a - a +0 robe (worn)
 f - a +0 cloak
 i - a scarf of repulsion (worn)
Magical Staves
 s - a staff of air
Jewellery
 k - a +6 ring of intelligence (left hand)
 x - a +6 ring of intelligence (right hand)
 A - the ring "Nucixzi" {Fire Str+3 Dex+3 SInv}
   (You found it on level 7 of the Dungeon)

   [ring of fire]

   It enhances your fire magic.
   Str:       It affects your strength (+3).
   Dex:       It affects your dexterity (+3).
   rF:        It protects you from fire.
   rC:        It makes you vulnerable to cold.
   SInv:      It lets you see invisible.
 E - a ring of protection from cold
Wands
 y - a wand of digging (3)
Scrolls
 e - 3 scrolls of immolation
 h - 3 scrolls of teleportation
 p - 2 scrolls of fog
 q - a scroll of enchant weapon
 r - a scroll of silence
 v - a scroll of fear
 w - 2 scrolls of identify
 z - a scroll of magic mapping {unknown}
 B - a scroll of enchant armour {unknown}
 C - a scroll of vulnerability {unknown}
 D - a scroll of noise {unknown}
Potions
 b - 2 potions of ambrosia
 c - 2 potions of brilliance
 j - 3 potions of might
 l - a potion of lignification
 m - a potion of berserk rage {unknown}
 n - a potion of haste
 o - 3 potions of curing
 u - 2 potions of mutation {unknown}


   Skills:
 * Level 5.0 Fighting
 + Level 2.4 Short Blades
 + Level 4.0 Dodging
 + Level 3.7 Stealth
 * Level 9.5 Spellcasting
 * Level 2.9 Invocations


You had 3 spell levels left.
You knew the following spells:

 Your Spells              Type           Power      Damage    Failure   Level
a - Foxfire               Conj/Fire      100%       2x1d9     1%          1
b - Conjure Flame         Conj/Fire      68%        6-21      1%          3
c - Inner Flame           Hex/Fire       68%        N/A       1%          3
d - Sticky Flame          Conj/Fire      68%        2d8       1%          4
e - Fireball              Conj/Fire      34%        3d14      1%          5
f - Beastly Appendage     Tmut           100%       N/A       1%          1
g - Ensorcelled Hibernat  Hex/Ice        100%       N/A       1%          2
h - Static Discharge      Conj/Air       68%        N/A       1%          2
i - Summon Ice Beast      Ice/Summ       68%        N/A       1%          4
Your spell library was empty.

Dungeon Overview and Level Annotations

Branches:
Dungeon (8/15)             Temple (1/1) D:6
   Lair: D:8-11

Altars:
Ashenzari
Dithmenos
Elyvilon
Gozag
Hepliaklqana
Kikubaaqudgha
Makhleb
Nemelex Xobeh
Okawaru
Qazlal
Ru
Sif Muna
Trog
Uskayaw
Vehumet
Xom
Zin
The Shining One

Shops:
D:2 !

Annotations:
D:2 Potion shop
D:4 1 runed translucent door, 0gre's ghost, amateur DsBe


Innate Abilities, Weirdness & Mutations

You are immune to sickness and miasma.
You are immune to poison.
Your flesh is very heat resistant. (rF++)
You are vulnerable to cold. (rC-)
You float through the air rather than walking.
You learn spells naturally, not from books.
Your magical power is your life essence.
You have superior vitality. (+4 HP)


Message History

Aim: an efreet, wielding a +4 scimitar of flaming (chance to affect: 72%)
The efreet looks drowsy...
You carefully extract the barbed spikes from your body.
Casting: Ensorcelled Hibernation (safe; 1% risk of failure)
Confirm with . or Enter, or press ? or * to list all spells.
A chill wind blows around you.
The forest fire spreads!
Casting: Summon Ice Beast (mildly dangerous; 1% risk of failure)
Confirm with . or Enter, or press ? or * to list all spells.
You don't know that spell.
Unknown command.
Casting: Summon Ice Beast (mildly dangerous; 1% risk of failure)
Confirm with . or Enter, or press ? or * to list all spells.
A chill wind blows around you.
* * * LOW HITPOINT WARNING * * *
The efreet gestures at you.
The fireball explodes!
The fireball engulfs you! You resist.
* * * LOW HITPOINT WARNING * * *
The tree burns like a torch!
The fireball engulfs the efreet.
The efreet completely resists.
Your ice beast hits the efreet but does no damage.
Unknown command.
The efreet gestures at you.
The fireball explodes!
The fireball engulfs you. You resist.
* * * LOW HITPOINT WARNING * * *
The tree burns like a torch!
Your ice beast is engulfed in blazing flames.
Your ice beast hits the efreet but does no damage.
Your ice beast completely misses the efreet.
The forest fire spreads!
You feel better.
Your ice beast is engulfed in blazing flames.
The forest fire spreads! x2
As you read the scroll of teleportation, it crumbles to dust.
You feel strangely unstable.
You are engulfed in blazing flames.
You resist.
* * * LOW HITPOINT WARNING * * *
The efreet hits you with a +4 scimitar of flaming!
* * * LOW HITPOINT WARNING * * *
The forest fire spreads!
You feel better.
You are engulfed in blazing flames.
You resist.
You die... ♣.. ..P≈P .# .PPP

.# ... .# ♣.♣ ### ♣
.# ♣♣♣♣♣.♣♣♣♣♣♣§# }#
.#♣♣♣.........♣§§##$#
.#............§§@RY#
.# ♣.........§§§##Y#
.# ♣♣♣♣♣.♣♣♣♣♣§§# .#
.# ####♣.♣ ###### ..
.# ♣≈≈≈≈.♣♣♣≈♣♣♣ .#
.#♣P≈♣♣♣P≈♣P≈♣≈P♣# #
.# ♣♣≈P♣≈P♣P≈.# .#
♣≈≈≈≈♣♣♣♣≈♣# .#
♣♣≈.♣♣ ♣≈♣########


You could see an efreet (ally target) and 2 friendly ice beasts.

Vanquished Creatures
  An ugly thing (D:6)
  A manticore (D:8)
  Grinder (D:5)
  3 water moccasins
  An orc warrior (D:8)
  2 ice beasts (D:6)
  4 black bears
  3 sky beasts
  3 ogres
  2 centaurs (D:7)
  3 phantoms
  A gnoll sergeant (D:6)
  4 scorpions
  A howler monkey (D:8)
  3 jellies
  A bullfrog zombie (D:7)
  2 centaur zombies
  A hound (D:4)
  2 orc priests (D:7)
  2 bullfrog skeletons
  A gnoll shaman (D:7)
  2 centaur skeletons
  4 iguanas
  A scorpion zombie (D:5)
  4 orc wizards
  A killer bee zombie (D:7)
  2 hound skeletons (D:5)
  10 gnolls
  2 howler monkey skeletons
  8 adders
  A shadow imp (D:6)
  A white imp (D:5)
  An ufetubus (D:5)
  An adder zombie (D:5)
  An adder skeleton (D:4)
  2 worms (D:2)
  3 dart slugs
  12 orcs
  8 endoplasms
  3 giant cockroaches (D:3)
  2 goblins (D:1)
  2 hobgoblins (D:1)
  2 jackals (D:2)
  5 kobolds
  A quokka (D:5)
  3 ball pythons
  7 bats
  A frilled lizard (D:1)
  A quokka skeleton (D:4)
  5 rats
138 creatures vanquished.

Vanquished Creatures (others)
  410 foxfires
410 creatures vanquished.

Grand Total: 548 creatures vanquished

Notes
Turn   | Place    | Note
-------+----------+-------------------------------------------
     0 | D:1      | robertstho the Djinni Fire Elementalist began the quest for
                  | the Orb.
     0 | D:1      | Reached XP level 1. HP: 15/15 MP: 0/0
   309 | D:1      | Reached XP level 2. HP: 17/21 MP: 0/0
   752 | D:1      | Reached skill level 3 in Spellcasting
   931 | D:1      | Reached XP level 3. HP: 23/26 MP: 0/0
   931 | D:1      | Learned a level 1 spell: Beastly Appendage
  1531 | D:2      | Found a hazy altar of Hepliaklqana.
  1788 | D:2      | Reached XP level 4. HP: 27/31 MP: 0/0
  1927 | D:2      | Found Peniupri's Distillery.
  1936 | D:2      | Bought a potion of degeneration for 11 gold pieces
  1981 | D:2      | Found a faded altar of an unknown god.
  2216 | D:3      | Noticed a +0 falchion
  2217 | D:3      | Noticed a +0 spear
  2217 | D:3      | Noticed a +0 spear
  2218 | D:3      | Noticed a +0 dagger
  2218 | D:3      | Noticed a +0 short sword
  2219 | D:3      | Noticed a +0 falchion
  2219 | D:3      | Noticed a +0 dagger
  2219 | D:3      | Noticed a +0 short sword
  2671 | D:3      | Found a hide-covered altar of Uskayaw.
  2993 | D:3      | Identified a scroll of acquirement
  2993 | D:3      | Acquired a scarf of repulsion
  3060 | D:2      | Bought a potion of lignification for 33 gold pieces
  3060 | D:2      | Bought a potion of curing for 33 gold pieces
  3060 | D:2      | Bought a potion of brilliance for 44 gold pieces
  3112 | D:4      | Noticed a black bear
  3117 | D:4      | Killed a black bear
  3118 | D:4      | Reached skill level 1 in Fighting
  3118 | D:4      | Reached skill level 4 in Spellcasting
  3118 | D:4      | Reached XP level 5. HP: 27/37 MP: 0/0
  3118 | D:4      | Learned a level 2 spell: Ensorcelled Hibernation
  3126 | D:4      | Reached XP level 6. HP: 25/42 MP: 0/0
  3606 | D:4      | Found a stormy altar of Qazlal.
  3798 | D:4      | Noticed 0gre's ghost (amateur DsBe)
  3839 | D:4      | Found a runed translucent door.
  4152 | D:5      | Entered Level 5 of the Dungeon
  4193 | D:5      | Reached skill level 5 in Spellcasting
  4193 | D:5      | Reached XP level 7. HP: 46/48 MP: 0/0
  4193 | D:5      | Learned a level 2 spell: Static Discharge
  4536 | D:5      | Reached skill level 1 in Short Blades
  4793 | D:5      | Noticed Grinder
  4805 | D:5      | Killed Grinder
  4806 | D:5      | Reached skill level 6 in Spellcasting
  4806 | D:5      | Reached XP level 8. HP: 48/55 MP: 0/0
  5234 | D:5      | Found a shimmering altar of Xom.
  5242 | D:5      | Reached skill level 7 in Spellcasting
  5375 | D:5      | Reached XP level 9. HP: 47/61 MP: 0/0
  5375 | D:5      | Learned a level 4 spell: Summon Ice Beast
  5917 | D:6      | Reached skill level 8 in Spellcasting
  6128 | D:6      | Found a staircase to the Ecumenical Temple.
  6186 | Temple   | Entered the Ecumenical Temple
  6540 | Temple   | Became a worshipper of Makhleb the Destroyer
  6933 | D:6      | Reached skill level 1 in Invocations
  7596 | D:6      | Found a basalt altar of Yredelemnul.
  7598 | D:6      | Found a shimmering altar of Xom.
  7600 | D:6      | Found a shimmering altar of Xom.
  7600 | D:6      | Found a white marble altar of Elyvilon.
  7600 | D:6      | Found an opulent altar of Gozag.
  7637 | D:6      | Noticed a white ugly thing
  7647 | D:6      | Killed a white ugly thing
  7648 | D:6      | Reached XP level 10. HP: 55/68 MP: 0/0
  8412 | D:7      | Reached skill level 9 in Spellcasting
  9065 | D:7      | Identified the ring "Nucixzi" {Fire Str+3 Dex+3 SInv}
 10128 | D:8      | Noticed a manticore
 10132 | D:8      | Killed a manticore
 10133 | D:8      | Reached skill level 5 in Fighting
 10133 | D:8      | Noticed an efreet
 10139 | D:8      | HP: 1/70 [efreet (8)]
 10140 | D:8      | Engulfed by an efreet's flame

Illustrated notes

Levels and vault maps discovered:
D:1:      tarquinn_simple_flora_water_f, layout_loops_ring,
          amcnicky_mini_pool_small
D:2:      cheibrodos_helix_gallery, layout_rooms,
          shapermc_ecumenical_altar_rom_forum, serial_shops, nicolae_shop_stone,
          basic_altar
D:3:      layout_basic, amcnicky_altar_gilded, nicolae_uskayaw_en_pointe
D:4:      layout_gridville, mainiacjoe_overflow_alcove_2,
          hellmonk_ghost_happy_afterlife, chequers_serial_rivers_large_b,
          minmay_misc_feat_room, nrook_campfire
D:5:      layout_basic, minmay_ruined_shrine, uniq_grinder
D:6:      layout_layer_cave, doesnt_xom_only_xom, minmay_temple_entry_arrows
D:7:      layout_loops_ring, chequers_serial_rivers_micro_e, moated_statue
D:8:      nzn_winding_woodlands_three_and_one
          [nzn_winding_woodlands_5x15_lazy_stream,
          nzn_winding_woodlands_5x15_default, nzn_winding_woodlands_5x15_garden,
          nzn_winding_woodlands_center_diamonds], layout_basic,
          kennysheep_little_box, serial_co_window_serial,
          co_window_of_opportunity_a, co_window_paths_a, co_window_paths_b,
          co_window_paths_b, co_window_paths_a, co_window_2corner,
          co_window_corner_b, co_window_corner_b, co_window_2corner,
          co_window_4corner_a, glass_columns_a, glass_columns_a, uniq_psyche
Temple:   oiseaux_autumnal_temple

Skill      XL: |  1  2  3  4  5  6  7  8  9 10 |
---------------+-------------------------------+-----
Spellcasting   | 3 4 5 6 7 8 9 |  9.5
Fighting       | 1 2 3 4 5 |  5.0
Stealth        | 2 3 |  3.7
Short Blades   | 1 2 |  2.4
Dodging        | 3 4 |  4.0
Invocations    | 1 2 |  2.9

Action                   |  1- 3 |  4- 6 |  7- 9 | 10-12 || total
-------------------------+-------+-------+-------+-------++-------
Melee: Unarmed           |     1 |       |       |       ||     1
       Short sword       |     3 |       |       |       ||     3
       Dagger            |     5 |    20 |    23 |    15 ||    63
 Cast: Foxfire           |    58 |    79 |   113 |       ||   250
       Sticky Flame      |       |       |    11 |     4 ||    15
       Fireball          |       |       |    19 |    34 ||    53
       Summon Ice Beast  |       |       |       |     2 ||     2
       Ensorcelled Hiber |       |       |       |     1 ||     1
  Use: Scroll            |       |     6 |     4 |     2 ||    12
       Potion            |       |       |       |     2 ||     2
 Stab: Sleeping          |     1 |       |     1 |       ||     2
Armor: Robe              |     4 |    10 |    11 |     2 ||    27
Dodge: Dodged            |     9 |    14 |    36 |    11 ||    70
